 Dungeon Crawl Stone Soup version 0.20.1-1-g8b1a95d (webtiles) character file.

3420 vishdafish the Spear-Bearer (level 9, -17/70 HPs)
             Began as a Demonspawn Fighter on July 3, 2017.
             Was an Elder of Makhleb.
             Demolished by a two-headed ogre
             ... wielding a +0 giant club
              (18 damage)
             ... on level 8 of the Dungeon.
             The game lasted 00:14:17 (8775 turns).

vishdafish the Spear-Bearer (Demonspawn Fighter)    Turns: 8775, Time: 00:14:18

Health: -17/70     AC: 11    Str: 20    XL:     9   Next: 76%
Magic:  0/9        EV: 14    Int:  9    God:    Makhleb [****..]
Gold:   361        SH: 10    Dex: 13    Spells: 8/8 levels left

rFire    . . .     SeeInvis .   a - +0 trident
rCold    . . .     Gourm    .   c - +0 shield
rNeg     . . .     Faith    .   b - +0 scale mail
rPois    .         Spirit   +   (no helmet)
rElec    .         Reflect  .   B - +2 cloak
rCorr    +         Harm     .   (no gloves)
MR       .....                  (no boots)
Stlth    ..........             (no amulet)
Regen    0.3/turn               z - ring of resist corrosion
MPRegen  0.2/turn               y - +4 ring of evasion

@: no status effects
A: rugged brown scales 1, magic shield
a: Minor Destruction, Lesser Servant of Makhleb, Major Destruction, Renounce
Religion


You were on level 8 of the Dungeon.
You worshipped Makhleb.
Makhleb was greatly pleased with you.
You were hungry.

You visited 2 branches of the dungeon, and saw 10 of its levels.
You also visited: Ossuary.

You collected 361 gold pieces.

Inventory:

Hand Weapons
 a - a +0 trident (weapon)
Armour
 b - a +0 scale mail (worn)
 c - a +0 shield (worn)
 B - a +2 cloak (worn)
Jewellery
 m - a +3 ring of intelligence
 y - a +4 ring of evasion (right hand)
 z - a ring of resist corrosion (left hand)
 E - an uncursed ring of stealth
Wands
 j - a wand of digging (6/24)
 A - a wand of flame (23/48)
 I - a wand of paralysis (19/24)
Scrolls
 d - 3 scrolls of magic mapping
 e - 6 scrolls of remove curse
 g - 3 scrolls of blinking
 k - 4 scrolls of amnesia
 l - 4 scrolls of teleportation
 n - 5 scrolls of recharging
 p - a scroll of random uselessness
 q - a scroll of fog
 s - a scroll of enchant armour
 w - 3 scrolls of enchant weapon
Potions
 i - a potion of might
 o - 5 potions of curing
 r - a potion of invisibility
 t - a potion of haste
 v - a potion of magic
 C - a potion of flight
 D - a potion of brilliance
 H - a potion of agility
Books
 x - a book of Maledictions

   Spells                             Type                      Level
   a - Corona                         Hexes                        1
   b - Ensorcelled Hibernation        Hexes/Ice                    2
   c - Confuse                        Hexes                        3
   d - Tukima's Dance                 Hexes                        3
   e - Dazzling Spray                 Conjuration/Hexes            3
Comestibles
 f - 3 bread rations
 u - 4 royal jellies
 G - 3 fruits


   Skills:
 + Level 5.3 Fighting
 + Level 8.0 Polearms
 + Level 5.9 Armour
 + Level 4.2 Dodging
 + Level 1.5 Stealth
 + Level 6.4 Shields


You had 8 spell levels left.
You didn't know any spells.

Dungeon Overview and Level Annotations

Branches:
Dungeon (9/15)             Temple (1/1) D:4
   Lair: D:8-11         Orc: D:9-12

Altars:
Ashenzari
Cheibriados
Dithmenos
Elyvilon
Fedhas
Gozag
Hepliaklqana
Kikubaaqudgha
Makhleb
Nemelex Xobeh
Okawaru
Qazlal
Ru
Sif Muna
Trog
Uskayaw
Vehumet
Xom
Yredelemnul
Zin
The Shining One

Shops:
D:8 }


Innate Abilities, Weirdness & Mutations

You are partially covered in rugged brown scales. (AC +1, +3% HP)
When hurt, damage is shared between your health and your magic reserves.


Message History

You barely miss the two-headed ogre.
The two-headed ogre is heavily wounded.
You block the two-headed ogre's attack. The two-headed ogre misses you.
Your scale mail prevents you from hitting the two-headed ogre.
The two-headed ogre is heavily wounded.
You block the two-headed ogre's attack. x2
You hit the two-headed ogre.
The two-headed ogre is heavily wounded.
You block the two-headed ogre's attack. The two-headed ogre barely misses you.
You puncture the two-headed ogre!
The two-headed ogre is severely wounded.
You barely miss the two-headed ogre.
The two-headed ogre is severely wounded.
The two-headed ogre closely misses you. You block the two-headed ogre's attack.
You hit the two-headed ogre.
The two-headed ogre is severely wounded.
The two-headed ogre hits you with a giant club!!
* * * LOW HITPOINT WARNING * * *
The two-headed ogre hits you with a giant club!!
You die...

################.#.####..##.#
...............#..........#.#
##############.#...#####.##.#
##############.#.#..####.##.#
...............#......##.##.##
#####...............#.#......#
#.....#######....#.#..#..##
####..#.........O.(......#..#
...#..#..#####<.@..#.....#..#
.........≈≈≈...........#.####
##.#####≈≈≈≈≈###########.#
......†...∩≈≈.......[....#
##.#####≈≈≈≈≈############# #.#
##≈≈≈## #.# ##### #.# #.#


You could see a two-headed ogre.

Vanquished Creatures
  A kobold demonologist (D:8)
  A hornet (D:8)
  A wyvern (D:8)
  A water moccasin (D:7)
  An orc warrior (D:6)
  An ice beast (D:6)
  A sky beast (D:5)
  An ogre (D:9)
  A centaur (D:5)
  10 big kobolds (D:8)
  A bullfrog (D:7)
  9 killer bees
  5 crimson imps
  2 bullfrog zombies
  2 hounds
  5 jellies
  2 orc wizards
  3 orc priests
  3 worker ants
  4 iguanas
  4 big kobold zombies (Ossuary)
  A howler monkey zombie (D:8)
  A mummy (Ossuary)
  A worker ant zombie (D:6)
  3 gnolls (D:4)
  12 adders
  A shadow imp (D:4)
  2 oozes
  2 worms
  6 leopard geckos
  9 orcs
  3 spectral bats (Ossuary)
  A ball python (D:5)
  5 giant cockroaches
  8 gnoll zombies (Ossuary)
  7 hobgoblins
  17 jackals
  5 quokkas
  6 bats
  2 bat simulacra (Ossuary)
  2 frilled lizards (D:3)
  2 goblin simulacra (Ossuary)
  3 goblin zombies (Ossuary)
  5 hobgoblin zombies (Ossuary)
  17 kobolds
  A kobold simulacrum (Ossuary)
  5 kobold zombies (Ossuary)
  5 orc zombies (Ossuary)
  A quokka skeleton (D:6)
  4 rats
  3 rat simulacra (Ossuary)
  5 spectral goblins (Ossuary)
  A spectral kobold (Ossuary)
  2 spectral rats (Ossuary)
207 creatures vanquished.

Notes
Turn   | Place    | Note
-------+----------+-------------------------------------------
     0 | D:1      | vishdafish the Demonspawn Fighter began the quest for the Orb.
     0 | D:1      | Reached XP level 1. HP: 18/18 MP: 1/1
   300 | D:1      | Gained mutation: You are partially covered in rugged brown scales. (AC +1, +3% HP) [demonic ancestry]
   300 | D:1      | Reached XP level 2. HP: 18/24 MP: 2/2
   474 | D:2      | Reached skill level 2 in Polearms
   796 | D:2      | Reached XP level 3. HP: 29/29 MP: 3/3
  1461 | D:3      | Gained mutation: When hurt, damage is shared between your health and your magic reserves. [demonic ancestry]
  1461 | D:3      | Reached XP level 4. HP: 8/36 MP: 4/4
  1527 | D:3      | Reached skill level 1 in Dodging
  2018 | D:3      | Reached skill level 3 in Polearms
  2183 | D:3      | Reached XP level 5. HP: 21/42 MP: 3/5
  2994 | D:5      | Entered Level 5 of the Dungeon
  3326 | D:4      | Found a staircase to the Ecumenical Temple.
  3341 | Temple   | Entered the Ecumenical Temple
  3424 | Temple   | Became a worshipper of Makhleb the Destroyer
  3486 | D:4      | Found a sand-covered staircase.
  3491 | Ossuary  | Entered an ossuary
  3567 | Ossuary  | Reached XP level 6. HP: 41/48 MP: 4/6
  3612 | Ossuary  | Reached * piety under Makhleb
  3997 | Ossuary  | Reached skill level 4 in Polearms
  4121 | Ossuary  | Reached ** piety under Makhleb
  4811 | D:5      | Noticed a sky beast
  4863 | D:5      | Killed a sky beast
  4863 | D:5      | Reached XP level 7. HP: 22/54 MP: 4/7
  5165 | D:6      | Reached skill level 5 in Polearms
  5419 | D:6      | Reached XP level 8. HP: 47/61 MP: 6/8
  5610 | D:6      | Reached *** piety under Makhleb
  5847 | D:7      | Reached skill level 6 in Polearms
  5999 | D:7      | HP: 3/61 [poisoned by a killer bee]
  6006 | D:7      | HP: 3/61 [poisoned by a killer bee]
  6014 | D:7      | HP: 2/61 [poisoned by a killer bee]
  6414 | D:7      | Reached skill level 1 in Stealth
  6414 | D:7      | Reached skill level 5 in Shields
  7099 | D:8      | Found Lausiunn's Gadget Boutique.
  7247 | D:8      | Reached skill level 5 in Armour
  7284 | D:8      | Reached skill level 7 in Polearms
  7284 | D:8      | Reached XP level 9. HP: 67/67 MP: 9/9
  7429 | D:8      | Noticed a kobold demonologist
  7433 | D:8      | Noticed a red devil
  7442 | D:8      | Noticed an ice devil
  7455 | D:8      | Noticed an ice devil
  7470 | D:8      | Noticed a rust devil
  7478 | D:8      | Killed a kobold demonologist
  7876 | D:8      | Reached skill level 5 in Fighting
  7910 | D:8      | Reached **** piety under Makhleb
  8713 | D:9      | Reached skill level 8 in Polearms
  8733 | D:9      | Noticed a two-headed ogre
  8775 | D:8      | HP: 1/70 [two-headed ogre/giant club (15)]
  8775 | D:8      | Demolished by a two-headed ogre

Skill      XL: |  1  2  3  4  5  6  7  8  9 |
---------------+----------------------------+-----
Shields        | 3 4 5 6 |  6.4
Polearms       | 2 3 4 5 7 8 |  8.0
Armour         | 3 4 5 |  5.9
Dodging        | 1 2 3 4 |  4.2
Fighting       | 4 5 |  5.3
Stealth        | 1 |  1.5

Action                   |  1- 3 |  4- 6 |  7- 9 || total
-------------------------+-------+-------+-------++-------
Melee: Trident           |   150 |   436 |   707 ||  1293
Evoke: Wand              |       |       |     2 ||     2
  Use: Potion            |     2 |     2 |     4 ||     8
       Scroll            |       |       |    17 ||    17
 Stab: Invisible         |       |       |     3 ||     3
  Eat: Chunk             |     1 |     4 |     2 ||     7
       Meat ration       |       |     2 |     2 ||     4
Armor: Scale mail        |    80 |   144 |   205 ||   429
       Skin              |     4 |       |       ||     4
Dodge: Dodged            |    61 |    99 |   377 ||   537
Block: Shield            |    74 |   176 |   373 ||   623
